 Dungeon Sprint DCSS version 0.23.0-3-gf3c87f2 (webtiles) character file.

Game seed: 1109257078204453861

10 nuthulu the Skirmisher (level 2, -2/27 HPs)
             Began as a Ghoul Monk on Feb 21, 2019.
             Was a Priest of Yredelemnul.
             Impaled on a porcupine's spines (13 damage)
             ... in the Dungeon (Sprint VII: "The Pits").
             The game lasted 00:01:06 (183 turns).

nuthulu the Skirmisher (Ghoul Monk)                  Turns: 183, Time: 00:01:06

Health: -2/27      AC:  2    Str: 14    XL:     2   Next: 20%
Magic:  1/1        EV: 13    Int:  5    God:    Yredelemnul [***...]
Gold:   0          SH:  0    Dex: 11    Spells: 1/1 levels left

rFire    . . .     SeeInvis .     - Unarmed
rCold    + . .     Gourm    .   (no shield)
rNeg     + + +     Faith    .   a - +0 robe
rPois    ∞         Spirit   .   (no helmet)
rElec    .         Reflect  .   (no cloak)
rCorr    .         Harm     .   (no gloves)
MR       .....     NoTele   +   (no boots)
Stlth    ++........             (no amulet)
HPRegen  0.00/turn              (no ring)
MPRegen  0.07/turn              (no ring)

@: rotting, hasted, very quick
A: rotting body, claws 1, carnivore, cold resistance 1, negative energy
resistance 3, inhibited regeneration, torment resistance, unbreathing
a: Recall Undead Slaves, Injury Mirror, Animate Dead, Renounce Religion


You were in the Dungeon.
You worshipped Yredelemnul.
Yredelemnul was most pleased with you.
You were not hungry.

You visited 1 branch

Inventory:

Armour
 a - a +0 robe (worn)
Scrolls
 h - a scroll of blinking
 j - 3 scrolls of remove curse
 k - 5 scrolls of amnesia
 l - a scroll of summoning
Potions
 c - a potion of curing
 d - a potion of heal wounds
 f - 4 potions of magic
 g - 3 potions of berserk rage
 i - 2 potions of invisibility
Comestibles
 b - 9 rations


   Skills:
 + Level 4.0 Fighting
 + Level 3.3 Dodging
 + Level 3.3 Stealth
 + Level 4.0 Unarmed Combat


You had one spell level left.
You didn't know any spells.
Your spell library was empty.

Dungeon Overview and Level Annotations

Branches:
Dungeon (1/1)

Altars:
Ashenzari
Cheibriados
Dithmenos
Elyvilon
Fedhas
Gozag
Hepliaklqana
Kikubaaqudgha
Makhleb
Nemelex Xobeh
Okawaru
Qazlal
Ru
Sif Muna
Trog
Uskayaw
Vehumet
Wu Jian
Xom
Yredelemnul
Zin
The Shining One
Beogh
Jiyva
Lugonu


Innate Abilities, Weirdness & Mutations

Your body is rotting away.
You thrive on raw meat.
You are immune to poison.
You have sharp fingernails.
You are carnivorous and can eat meat at any time.
Your flesh is cold resistant. (rC+)
You are immune to negative energy. (rN+++)
You do not regenerate when monsters are visible.
You are immune to unholy pain and torment.
You can survive without breathing.


Message History

Yredelemnul will now gift you servants as you gain piety.
The bat hits you but does no damage. The bat barely misses you.
You barely miss the bat.
The bat is heavily wounded.
The bat hits you but does no damage.
You closely miss the porcupine. The porcupine barely misses you.
Okay, then.
You feel yourself speed up. The porcupine bites you.
You barely miss the porcupine. The porcupine barely misses you.
You barely miss the porcupine.
The porcupine bites you but does no damage.
You barely miss the porcupine.
The porcupine bites you but does no damage.
You barely miss the porcupine. Your claw misses the porcupine.
The porcupine bites you!
Ouch! That really hurt!
You scratch the porcupine but do no damage.
You are struck by the porcupine's spines.
You die...
Yredelemnul claims you as an undead slave.

#.?(.')))'.##......#..
##########.##.........
#...........'.........
+#####'#####......#..
#.....# #.........
#.....# ####'#####
###'### #.......#
#.÷...# #.......#
#..@..# #.......#
####r## #...<...#
#...b....##.......#
#........##.......#
###########.......#
#########


You could see a porcupine and a bat.

Vanquished Creatures
  An ooze (D)
  A ball python (D)
  A goblin (D)
  A quokka (D)
  A bat (D)
  A kobold (D)
6 creatures vanquished.

Notes
Turn   | Place    | Note
-------+----------+-------------------------------------------
     0 | D        | nuthulu the Ghoul Monk began the quest for the Orb.
     0 | D        | Reached XP level 1. HP: 19/19 MP: 0/0
    23 | D        | Found a bloodstained altar of Trog.
    23 | D        | Found a deep blue altar of Sif Muna.
    23 | D        | Found a viscous altar of Jiyva.
    23 | D        | Found a hazy altar of Hepliaklqana.
    23 | D        | Found an opulent altar of Gozag.
    24 | D        | Found a glowing golden altar of the Shining One.
    24 | D        | Found a glowing silver altar of Zin.
    24 | D        | Found a basalt altar of Yredelemnul.
    24 | D        | Found a shimmering altar of Xom.
    24 | D        | Found an ornate altar of the Wu Jian Council.
    24 | D        | Found a sacrificial altar of Ru.
    24 | D        | Found a stormy altar of Qazlal.
    24 | D        | Found an iron altar of Okawaru.
    24 | D        | Found a sparkling altar of Nemelex Xobeh.
    24 | D        | Found a burning altar of Makhleb.
    24 | D        | Found a blossoming altar of Fedhas.
    24 | D        | Found a white marble altar of Elyvilon.
    24 | D        | Found a shadowy altar of Dithmenos.
    24 | D        | Found a snail-covered altar of Cheibriados.
    25 | D        | Found a radiant altar of Vehumet.
    25 | D        | Found a corrupted altar of Lugonu.
    25 | D        | Found a roughly hewn altar of Beogh.
    26 | D        | Found a hide-covered altar of Uskayaw.
    26 | D        | Found an ancient bone altar of Kikubaaqudgha.
    26 | D        | Found a shattered altar of Ashenzari.
    32 | D        | Became a worshipper of Yredelemnul the Dark
    32 | D        | Reached * piety under Yredelemnul
    32 | D        | Reached ** piety under Yredelemnul
    74 | D        | Reached XP level 2. HP: 18/27 MP: 1/1
   169 | D        | Noticed a porcupine
   174 | D        | Reached *** piety under Yredelemnul
   183 | D        | Impaled on a porcupine's spines

Skill      XL: |  1  2 |
---------------+-------+-----
Dodging        | 3 |  3.3
Stealth        | 3 |  3.3
Fighting       | 4 |  4.0
Unarmed Combat | 4 |  4.0

Action                   || total
-------------------------++-------
Melee: Unarmed           ||    26
  Use: Potion            ||     1
 Stab: Sleeping          ||     1
  Eat: Chunk             ||     2
Armor: Robe              ||     5
Dodge: Dodged            ||    15
